 Dungeon Crawl Stone Soup version 0.18-a0-1526-gcb34c7c (webtiles) character file.

74 GrosslyIncandescent the Insei (level 4, -7/35 HPs)
             Began as a Mummy Monk on Mar 8, 2016.
             Mangled by an ogre
             ... wielding a +0 giant club
              (13 damage)
             ... on level 3 of the Dungeon.
             The game lasted 00:01:52 (2234 turns).

GrosslyIncandescent the Insei (Mummy Monk)          Turns: 2234, Time: 00:01:53

Health: -7/35      AC:  1    Str: 14    XL:     4   Next: 10%
Magic:  4/4        EV: 13    Int:  9    God:
Gold:   60         SH:  0    Dex: 15    Spells: 0 memorised, 3 levels left

rFire  x . .     SeeInvis .       - Unarmed
rCold  + . .     Gourm    .     (no armour)
rNeg   + + +     Faith    .     (no shield)
rPois  ∞         Spirit   .     (no helmet)
rElec  .         Dismiss  .     (no cloak)
rCorr  .         Reflect  .     (no gloves)
SustAt .         Harm     .     a - +0 pair of boots
MR     .....                    (no amulet)
Stlth  ++........               (no ring)
                                (no ring)

@: not resistant to hostile enchantments, unstealthy
A: no food or potions, fire vulnerability, cold resistance 1, negative energy
resistance 3, torment resistance, unbreathing
a: no special abilities


You were on level 3 of the Dungeon.
You were not hungry.

You visited 1 branch of the dungeon, and saw 3 of its levels.

You collected 60 gold pieces.


Innate Abilities, Weirdness & Mutations

You do not eat or drink.
Your flesh is vulnerable to fire.
You are immune to poison.
Your flesh is cold resistant.
You are immune to negative energy.
You are immune to unholy pain and torment.
You can survive without breathing.


   Skills:
 - Level 3.0 Fighting
 - Level 2.4 Dodging
 - Level 1.5 Stealth
 + Level 4.7 Unarmed Combat


You had 3 spell levels left.
You didn't know any spells.

Inventory:

Armour
 a - a +0 pair of boots (worn)
Scrolls
 b - 2 scrolls of magic mapping {unknown}
 c - a scroll of remove curse {unknown}
 d - a scroll of fog {unknown}
 e - a scroll of identify {unknown}
 g - a scroll of random uselessness {unknown}
Books
 f - a book of Geomancy

   Spells                             Type                      Level
   a - Sandblast                      Earth                        1
   b - Passwall                       Transmutation/Earth          2
   c - Stone Arrow                    Conjuration/Earth            3
   d - Petrify                        Transmutation/Earth          4
   e - Lee's Rapid Deconstruction     Earth                        5

Dungeon Overview and Level Annotations

Branches:
Dungeon (3/15)

Altars:
Ashenzari
Zin

▒▒▒ ▒.▒ ▒+▒). ..▒
▒.▒ ▒.▒.▒ ▒▒▒.▒ ▒.▒
▒.... ...▒ ▒.▒
▒▒...▒▒▒▒▒▒.▒▒▒.▒
.▒▒▒...Z▒▒........<▒
...........▒▒▒.▒▒▒▒▒
▒..O.▒▒▒▒▒▒.▒
▒..M.......▒
▒.▒▒▒▒▒▒▒▒▒▒ ▒


You could see an ogre and a worker ant zombie.


Message History

You squash the dart slug like an ant!
The dart slug is moderately wounded!
You squash the dart slug like an ant!
The dart slug is severely wounded!
The dart slug bites you!
You pummel the dart slug like a punching bag!
You annihilate the dart slug!!!
No target in view!!!
No target in view!!!
No target in view!!!
An ogre comes into view! It is wielding a giant club!
An ogre is nearby!!!
An ogre is nearby!!!
Found a short sword!
A worker ant zombie comes into view!
The ogre hits you with a giant club!!!
You are too injured to fight recklessly!!!
You are too injured to fight recklessly!!!
You are too injured to fight recklessly!!!
You pummel the ogre like a punching bag!
The ogre is lightly wounded!
The ogre hits you with a giant club!!!!!!
DANG * * * don't die
* * * You pulverise the ogre!
You punch the ogre!!!
The ogre is heavily wounded!
You barely miss the ogre!
The ogre is heavily wounded!
The ogre hits you with a giant club!!! rip

Action                   |  1- 3 |  4- 6 || total
-------------------------+-------+-------++-------
Melee: Unarmed           |   117 |     9 ||   126
 Stab: Sleeping          |     2 |       ||     2
       Distracted        |     1 |       ||     1

Vault maps used:
D:1:      moated_graveyard_arrival, kennysheep_pointless_box
D:2:      nicolae_overflow_crystal_walls, ecumenical_altar_2, first_bread,
          ashenzari_altar_1
D:3:      nrook_uturn, uniq_grinder

Notes
Turn   | Place    | Note
--------------------------------------------------------------
     0 | D:1      | GrosslyIncandescent the Mummy Monk began the quest for the Orb.
     0 | D:1      | Reached XP level 1. HP: 18/18 MP: 1/1
   359 | D:1      | Reached XP level 2. HP: 21/24 MP: 2/2
  1082 | D:2      | Reached skill level 4 in Unarmed Combat
  1084 | D:2      | Found a shattered altar of Ashenzari.
  1096 | D:2      | Reached XP level 3. HP: 15/29 MP: 3/3
  1321 | D:2      | Found a glowing silver altar of Zin.
  1332 | D:2      | Found a faded altar to an unknown god.
  1906 | D:2      | Reached XP level 4. HP: 13/35 MP: 4/4
  2225 | D:3      | Noticed an ogre
  2234 | D:3      | Mangled by an ogre

Vanquished Creatures
  3 adders (D:2)
  An ooze (D:1)
  2 dart slugs
  3 bats
  2 giant cockroaches (D:2)
  5 hobgoblins
  4 jackals (D:2)
  7 kobolds
  A ball python (D:2)
  5 giant newts (D:2)
  4 goblins
  2 rats
39 creatures vanquished.
